AoeStats
← Jonaayy

Arena

510459897Analyzed
3v3 RM · 1d ago on Oct 1, 2026· 44m 51s· 6 players
Game mode
Random Map
Map size
Normal (6 player)
Population
200
Speed
Normal
Resources
Standard
Victory
Conquest
Starting age
Dark Age
Ending age
Imperial Age
RankedLock teamsTeams togetherTeam positionsShared explorationLock speedFull tech treeHidden civsTurbo modeCheats
Victory
Defeat
🇹🇷 Slavs · Türkiye
807
+16
🇨🇳 Sicilians · China
713
+46
🇦🇷 Goths · Argentina
710
+20
🇺🇸 Bulgarians · United States
823
-54
🇺🇸 Burgundians · United States
788
-46
🇺🇸 Celts · United States
788
-46
golgi
11:58 Feudal Age
16:53 Castle Age
14:43 Double-Bit Axe
14:42 Horse Collar
14:55 Gold Mining
18:24 Bow Saw
20:17 Heavy Plow
20:54 Wheelbarrow
20:06 Loom
25:53 Fletching
26:03 Padded Archer Armor
26:14 Forging
26:09 Scale Barding Armor
26:13 Town Watch
27:24 Gold Shaft Mining
26:39 Stone Mining
27:24 Masonry
27:46 Bodkin Arrow
29:05 Leather Archer Armor
30:14 Ballistics
29:50 Murder Holes
34:06 Imperial Age
31:52 Hand Cart
31:38 Town Patrol
34:06 Husbandry
34:16 Bloodlines
34:40 Detinets
34:22 Heavy Cavalry Archer
36:20 Elite Boyar
39:24 Iron Casting
40:42 Ring Archer Armor
41:13 Blast Furnace
40:34 Chain Barding Armor
41:21 Siege Engineers
ninghaochang
12:51 Feudal Age
15:05 Horse Collar
16:47 Wheelbarrow
16:24 Double-Bit Axe
24:27 Castle Age
24:23 Bloodlines
24:10 Gold Mining
24:11 Stone Mining
25:46 Heavy Plow
26:05 Light Cavalry
28:31 Wheelbarrow
27:35 Pikeman
30:44 Loom
31:23 Bow Saw
34:30 Hand Cart
34:09 Town Watch
39:41 Imperial Age
42:38 Forging
42:29 Scale Mail Armor
42:20 Fletching
42:30 Padded Archer Armor
42:36 Scale Barding Armor
43:17 Crop Rotation
45:38 Gold Shaft Mining
45:40 Stone Shaft Mining
Javitss
12:31 Feudal Age
13:37 Man-at-Arms
18:12 Castle Age
16:54 Scale Mail Armor
17:08 Forging
16:26 Man-at-Arms
20:13 Horse Collar
21:26 Long Swordsman
22:05 Loom
25:11 Scale Mail Armor
36:04 Imperial Age
34:07 Heavy Plow
37:07 Iron Casting
36:48 Chain Mail Armor
37:05 Two-Handed Swordsman
41:59 Blast Furnace
Jonaayy
5:42 Double-Bit Axe
18:00 Feudal Age
17:15 Horse Collar
18:13 Wheelbarrow
19:49 Bow Saw
19:41 Heavy Plow
23:00 Gold Mining
23:03 Stone Mining
32:04 Arson
32:33 Forging
32:24 Scale Mail Armor
32:29 Scale Barding Armor
32:25 Padded Archer Armor
32:16 Fletching
35:03 Castle Age
34:38 Gold Shaft Mining
34:42 Stone Shaft Mining
ROMA
10:21 Feudal Age
11:40 Wheelbarrow
11:24 Double-Bit Axe
11:25 Horse Collar
17:10 Stone Mining
17:12 Gold Mining
22:09 Castle Age
22:10 Forging
23:42 Iron Casting
24:07 Hand Cart
24:34 Gambesons
24:50 Squires
28:59 Thumb Ring
28:51 Fletching
29:02 Padded Archer Armor
32:49 Bodkin Arrow
32:56 Scale Mail Armor
33:01 Scale Barding Armor
34:22 Arson
34:44 Heavy Plow
34:42 Pikeman
38:13 Leather Archer Armor
38:14 Chain Mail Armor
44:58 Chain Barding Armor
djroma
12:56 Feudal Age
11:15 Loom
14:45 Horse Collar
22:48 Castle Age
37:17 Wheelbarrow
37:43 Caravan
41:28 Husbandry
Connection lost

Rejoining the realm…

Still unreachable

The connection could not be restored.

Session expired

The server has moved on; the page needs a fresh start.